 Dungeon Crawl Stone Soup version 0.21.0-3-g78d12a8 (webtiles) character file.

592 MDvedh the Poker (level 7, -6/56 HPs)
             Began as a Merfolk Air Elementalist on Jan 10, 2018.
             Was a Believer of Trog.
             Mangled by an orc warrior
             ... wielding a +0 long sword
              (15 damage)
             ... on level 4 of the Dungeon.
             The game lasted 00:10:47 (5624 turns).

MDvedh the Poker (Merfolk Air Elementalist)         Turns: 5624, Time: 00:10:48

Health: -6/56      AC:  8    Str: 10    XL:     7   Next: 39%
Magic:  10/10      EV: 13    Int: 14    God:    Trog [**....]
Gold:   220        SH:  0    Dex: 15    Spells: 9/10 levels left

rFire    . . .     SeeInvis .   f - +0 spear
rCold    . . .     Gourm    .   (no shield)
rNeg     . . .     Faith    .   o - +0 ring mail
rPois    .         Spirit   .   u - +1 helmet
rElec    .         Reflect  .   q - +0 cloak
rCorr    .         Harm     .   (no gloves)
MR       .....                  (no boots)
Stlth    +.........             (no amulet)
HPRegen  0.18/turn              (no ring)
MPRegen  0.12/turn              (no ring)

@: berserk cooldown, slowed, very slow
A: change form in water, swift swim, stealthy swim
a: Berserk, Trog's Hand, Burn Spellbooks, Renounce Religion


You were on level 4 of the Dungeon.
You worshipped Trog.
Trog was pleased with you.
You were hungry.

You visited 1 branch of the dungeon, and saw 4 of its levels.

You collected 220 gold pieces.

Inventory:

Hand Weapons
 d - a +0 short sword
 f - a +0 spear (weapon)
 t - a +4 dagger of flaming
Armour
 a - a +0 robe
 o - a +0 ring mail (worn)
 q - a +0 cloak (worn)
 u - a +1 helmet (worn)
Jewellery
 w - an uncursed ring of ice
Wands
 k - a wand of acid (10)
Scrolls
 e - 3 scrolls of teleportation
 g - 2 scrolls of enchant armour
 l - a scroll of identify
Potions
 h - a potion of lignification
 i - 2 potions of haste
 j - 2 potions of curing
 m - a potion of heal wounds
 n - a potion of flight
 p - a potion of magic {unknown}
 r - a potion of cancellation {unknown}
 v - a potion of degeneration {unknown}
 x - a potion of invisibility
Books
 b - a book of Air

   Spells                             Type                      Level
   a - Shock                          Conjuration/Air              1
   b - Swiftness                      Charms/Air                   2
   c - Static Discharge               Conjuration/Air              3
   d - Airstrike                      Air                          4
   e - Lightning Bolt                 Conjuration/Air              5
   Trog disapproves of the use of such an item.
Comestibles
 c - 8 rations
 s - 2 chunks of flesh


   Skills:
 - Level 5.5 Fighting
 + Level 6.0 Polearms
 - Level 5.4 Dodging
 - Level 2.1 Stealth
 - Level 2.0 Spellcasting
 - Level 0.7 Conjurations
 - Level 2.4 Air Magic


You had 9 spell levels left.
You knew the following spells:

 Your Spells              Type           Power        Failure   Level  Hunger
a - Shock                 Conj/Air       #...         32%         1    ##.....


Dungeon Overview and Level Annotations

Branches:
Dungeon (4/15)
 Temple: D:4-7

Altars:
Cheibriados
Dithmenos
Elyvilon
Kikubaaqudgha
Nemelex Xobeh
Sif Muna
Trog
Uskayaw
Zin
The Shining One


Message History

You are no longer berserk.
You are exhausted.
You feel yourself slow down.
Okay, then.
You hit the orc warrior but do no damage.
The orc warrior is almost dead.
You feel sick.
The orc warrior hits you with a long sword!
* * * LOW HITPOINT WARNING * * *
You barely miss the orc warrior.
The orc warrior is almost dead.
The orc warrior hits you with a long sword.
* * * LOW HITPOINT WARNING * * *
You barely miss the orc warrior.
The orc warrior is almost dead.
The orc warrior hits you with a long sword!
* * * LOW HITPOINT WARNING * * *
You feel better.
The orc warrior hits you with a long sword!
You die...

#...≈≈≈≈..........,,,,,
#..÷....o.........,,,,*
##.....o..o.......,,,,,
#.....###........,,,,,
#....## #).......,,,,,
#..o.# #o.......,,,,,
#....# #........,,,,,
###.#####........,,,,,
#oo@...........,,,,,
*#######........,,,,,
*,,,,,,.......##***,,
*,*****######## *** *,*
*,* *,* *,* *,*


You could see an orc warrior and an orc.

Vanquished Creatures
  2 scorpions (D:4)
  A hound (D:4)
  2 orc priests
  3 orc wizards (D:4)
  3 worker ants
  A killer bee zombie (D:3)
  Robin (D:1)
  6 adders
  4 gnolls (D:4)
  3 oozes
  An adder skeleton (D:4)
  6 worms
  2 dart slugs
  8 orcs
  5 bats
  3 giant cockroaches
  10 goblins
  12 hobgoblins
  6 jackals
  11 kobolds
  2 quokkas
  2 ball pythons
  3 frilled lizards
  8 rats
105 creatures vanquished.

Notes
Turn   | Place    | Note
-------+----------+-------------------------------------------
     0 | D:1      | MDvedh the Merfolk Air Elementalist began the quest for the Orb.
     0 | D:1      | Reached XP level 1. HP: 13/13 MP: 3/3
   131 | D:1      | Reached skill level 1 in Fighting
   398 | D:1      | Reached XP level 2. HP: 17/21 MP: 5/5
  1063 | D:1      | Reached XP level 3. HP: 11/27 MP: 3/6
  1729 | D:2      | Found a glowing silver altar of Zin.
  1729 | D:2      | Found a bloodstained altar of Trog.
  1729 | D:2      | Found a hide-covered altar of Uskayaw.
  1729 | D:2      | Found a deep blue altar of Sif Muna.
  1729 | D:2      | Found a sparkling altar of Nemelex Xobeh.
  1729 | D:2      | Found a snail-covered altar of Cheibriados.
  1729 | D:2      | Found a white marble altar of Elyvilon.
  1729 | D:2      | Found a shadowy altar of Dithmenos.
  1888 | D:2      | Became a worshipper of Trog the Wrathful
  2175 | D:2      | Reached XP level 4. HP: 29/35 MP: 7/7
  2252 | D:2      | Found a glowing golden altar of the Shining One.
  2478 | D:2      | Noticed Robin
  2479 | D:2      | Found an ancient bone altar of Kikubaaqudgha.
  2700 | D:1      | Killed Robin
  3400 | D:2      | Reached XP level 5. HP: 42/42 MP: 8/8
  3580 | D:2      | Reached * piety under Trog
  4041 | D:3      | Reached skill level 5 in Fighting
  4041 | D:3      | Reached skill level 5 in Dodging
  4041 | D:3      | Reached XP level 6. HP: 35/51 MP: 9/9
  4976 | D:4      | Reached skill level 1 in Polearms
  4985 | D:4      | Reached ** piety under Trog
  4985 | D:4      | Reached skill level 3 in Polearms
  5046 | D:4      | Noticed a phantom
  5194 | D:4      | Reached skill level 4 in Polearms
  5194 | D:4      | Reached XP level 7. HP: 52/56 MP: 10/10
  5255 | D:4      | Reached skill level 5 in Polearms
  5607 | D:4      | Reached skill level 6 in Polearms
  5623 | D:4      | HP: 2/56 [orc warrior/long sword (12)]
  5624 | D:4      | Mangled by an orc warrior

Skill      XL: |  1  2  3  4  5  6  7 |
---------------+----------------------+-----
Fighting       | 1 2 3 5 |  5.5
Dodging        | 3 4 5 |  5.4
Polearms       | 4 6 |  6.0
Stealth        | |  2.1
Spellcasting   | |  2.0
Conjurations   | |  0.7
Air Magic      | |  2.4

Action                   |  1- 3 |  4- 6 |  7- 9 || total
-------------------------+-------+-------+-------++-------
Melee: Short sword       |   126 |    71 |       ||   197
       Unarmed           |     6 |       |       ||     6
       Dagger            |       |   164 |       ||   164
       Spear             |       |    58 |    92 ||   150
 Cast: Shock             |    24 |       |       ||    24
Invok: Berserk           |       |     3 |     2 ||     5
  Use: Potion            |     1 |     2 |     1 ||     4
       Scroll            |       |    10 |       ||    10
 Stab: Sleeping          |     4 |     1 |       ||     5
  Eat: Chunk             |     5 |    12 |     3 ||    20
Armor: Robe              |    27 |       |       ||    27
       Ring mail         |    11 |    98 |    16 ||   125
Dodge: Dodged            |   137 |   194 |    40 ||   371
